 Dungeon Crawl Stone Soup version 0.25.1-2-g60ff931df9 (webtiles) character file.

Game seed: 2073984544915779732

302 Gynju the Chiller (level 6, -6/53 HPs)
             Began as an Ogre Ice Elementalist on Aug 30, 2020.
             Mangled by a gnoll
             ... wielding a +0 halberd
              (9 damage)
             ... on level 3 of the Dungeon.
             The game lasted 00:04:01 (3141 turns).

Gynju the Chiller (Ogre Ice Elementalist)           Turns: 3141, Time: 00:04:02

Health: -6/53      AC:  3    Str: 13    XL:     6   Next: 37%
Magic:  4/14       EV: 10    Int: 18    God:
Gold:   246        SH:  0    Dex:  9    Spells: 8/15 levels left

rFire    . . .     SeeInvis .   f - +0 whip
rCold    . . .     Gourm    .   (no shield)
rNeg     . . .     Faith    .   a - +0 robe
rPois    .         Spirit   .   (helmet restricted)
rElec    .         Reflect  .   (no cloak)
rCorr    .         Harm     .   (gloves unavailable)
MR       .....                  (boots unavailable)
Stlth    +.........             (no amulet)
HPRegen  0.17/turn              (no ring)
MPRegen  0.14/turn              (no ring)

@: no status effects
A: large, unfitting armour, tough skin 1
a: no special abilities


You were on level 3 of the Dungeon.
You were not hungry.

You visited 1 branch of the dungeon, and saw 3 of its levels.

You collected 246 gold pieces.

Inventory:

Hand Weapons
 f - a +0 whip (weapon)
Armour
 a - a +0 robe (worn)
Jewellery
 m - an uncursed amulet of magic regeneration {unknown}
Scrolls
 b - 2 scrolls of remove curse {unknown}
 g - 3 scrolls of identify {unknown}
 k - a scroll of teleportation {unknown}
 l - a scroll of random uselessness {unknown}
 n - a scroll of fear {unknown}
Potions
 e - a potion of degeneration {unknown}
 h - a potion of might {unknown}
 i - 2 potions of stabbing {unknown}
 j - a potion of heal wounds {unknown}
 o - 2 potions of flight {unknown}
 p - a potion of resistance {unknown}
Comestibles
 c - 7 rations
 d - 4 chunks of flesh


   Skills:
 - Level 1.7 Dodging
 - Level 1.4 Stealth
 + Level 5.4 Spellcasting
 + Level 5.4 Ice Magic


You had 8 spell levels left.
You knew the following spells:

 Your Spells              Type           Power        Failure   Level  Hunger
a - Freeze                Ice            ###.         1%          1    None
b - Frozen Ramparts       Ice            ###...       4%          3    ##.....
c - Ozocubu's Armour      Chrm/Ice       ##......     13%         3    ##.....

Your spell library contained the following spells:

 Spells                   Type           Power        Failure   Level  Hunger
 Hailstorm                Conj/Ice       ##......     38%         4    ####...
 Summon Ice Beast         Ice/Summ       ##......     38%         4    ####...


Dungeon Overview and Level Annotations

Branches:
Dungeon (3/15)

Altars:
Fedhas
Ru
Sif Muna
Uskayaw
Zin

Annotations:
D:2 2 transporters
D:3 Grinder


Innate Abilities, Weirdness & Mutations

You are too large for most types of armour.
You have tough skin. (AC +1)


Message History

Aim: a gnoll, wielding a +0 flail (moderately wounded)
You freeze the gnoll!
You kill the gnoll!
The gnoll hits you.
* * * LOW HITPOINT WARNING * * *
The gnoll hits you from afar with a +0 halberd.
* * * LOW HITPOINT WARNING * * *
The rat bites you.
* * * LOW HITPOINT WARNING * * *
Casting: Freeze (safe; 1% risk of failure)
Confirm with . or Enter, or press ? or * to list all spells.
Aiming: Freeze (safe; 1% risk of failure)
Press: ? - help, Shift-Dir - straight line, f - hobgoblin
Aim: a hobgoblin, wielding a +0 club You freeze the hobgoblin.
The hobgoblin is lightly wounded.
The gnoll hits you.
* * * LOW HITPOINT WARNING * * *
The gnoll hits you from afar with a +0 halberd!
You die...

##.## # ## #.# .. #.# #.
##'## #. ##...## ## . #.
##.....## #. ... #.
##.......## ##.
.#...#r##.........####..
...5..g@'.........'[....
.....gg##.........####..
###..## ##.......## ##.
#. ##.....## #. #
##...## ####. ##'##
#.... #.# #.... #.#
#...# ##.## ##.##


You could see Grinder, 2 gnolls, a hobgoblin and a rat.

Vanquished Creatures
  Sigmund (D:2)
  An orc wizard (D:3)
  Ijyb (D:3)
  2 gnolls
  An ooze (D:3)
  A dart slug (D:2)
  2 leopard geckos
  9 orcs (D:3)
  A giant cockroach (D:1)
  11 goblins
  7 hobgoblins
  2 jackals (D:1)
  9 kobolds
  2 quokkas (D:3)
  2 ball pythons
  5 bats
  4 frilled lizards
  5 rats
66 creatures vanquished.

Notes
Turn   | Place    | Note
-------+----------+-------------------------------------------
     0 | D:1      | Gynju the Ogre Ice Elementalist began the quest for the
                  | Orb.
     0 | D:1      | Reached XP level 1. HP: 16/16 MP: 3/3
   184 | D:1      | Reached XP level 2. HP: 24/24 MP: 3/5
   513 | D:1      | Reached XP level 3. HP: 31/31 MP: 5/7
  1494 | D:2      | Found a hide-covered altar of Uskayaw.
  1682 | D:2      | Found a transporter.
  1686 | D:2      | Found a glowing silver altar of Zin.
  1727 | D:2      | Found a transporter.
  1790 | D:2      | Reached XP level 4. HP: 22/39 MP: 0/9
  1949 | D:2      | Found a sacrificial altar of Ru.
  2111 | D:2      | Noticed Sigmund
  2120 | D:2      | Killed Sigmund
  2120 | D:2      | Reached skill level 5 in Ice Magic
  2120 | D:2      | Reached XP level 5. HP: 40/45 MP: 4/12
  2198 | D:2      | Found a shimmering blue altar of Sif Muna.
  2398 | D:2      | Learned a level 3 spell: Frozen Ramparts
  2402 | D:2      | Learned a level 3 spell: Ozocubu's Armour
  2578 | D:3      | Reached skill level 5 in Spellcasting
  2578 | D:3      | Reached XP level 6. HP: 51/53 MP: 9/13
  3004 | D:3      | Found a blossoming altar of Fedhas.
  3129 | D:3      | Noticed Ijyb
  3129 | D:3      | Noticed Grinder
  3136 | D:3      | Killed Ijyb
  3141 | D:3      | Mangled by a gnoll

Illustrated notes

Levels and vault maps discovered:
D:1:      giann_bridges, layout_basic
D:2:      kennysheep_big_flooded_room, layout_loops_corners,
          gammafunk_temple_overflow_arena, old_standard_altar,
          lemuel_blue_sif_altar, lemuel_crystal_altar, chequers_garden,
          uniq_sigmund
D:3:      layout_loops_corners, old_standard_altar,
          chequers_ecumenical_altar_simple_redux, kennysheep_doodads,
          uniq_grinder, uniq_jessica, uniq_ijyb

Skill      XL: |  1  2  3  4  5 |
---------------+----------------+-----
Spellcasting   | 3 4 5 |  5.4
Ice Magic      | 4 5 |  5.4
Dodging        | |  1.7
Stealth        | |  1.4

Action                   |  1- 3 |  4- 6 || total
-------------------------+-------+-------++-------
Melee: Unarmed           |     4 |       ||     4
       Spear             |     7 |       ||     7
       Club              |    12 |       ||    12
       Whip              |     5 |     3 ||     8
 Cast: Freeze            |    53 |    50 ||   103
  Eat: Chunk             |     3 |     4 ||     7
Armor: Robe              |    17 |     9 ||    26
Dodge: Dodged            |    49 |    23 ||    72
